 Dungeon Crawl Stone Soup version 0.28.0-53-g5a82cb258f (webtiles) character file.

Game seed: 14780325768422678119

1848 safid the Cleaver (level 9, 0/71 HPs)
             Began as a Hill Orc Fighter on June 25, 2022.
             Was an Initiate of Beogh.
             Slain by a wyvern (3 damage)
             ... on level 7 of the Dungeon.
             The game lasted 00:09:06 (6897 turns).

safid the Cleaver (Hill Orc Fighter)                Turns: 6897, Time: 00:09:07

Health: 0/71       AC: 11    Str: 23    XL:     9   Next: 12%
Magic:  9/9        EV:  6    Int:  8    God:    Beogh [......]
Gold:   417        SH:  4    Dex: 10    Spells: 8/8 levels left

rFire   . . .      SeeInvis .   a - +0 war axe
rCold   . . .      Faith    .   c - +0 buckler
rNeg    . . .      Spirit   .   u - +0 plate armour
rPois   .          Reflect  .   (no helmet)
rElec   .          Harm     .   (no cloak)
rCorr   .          Rampage  .   (no gloves)
Will    .....                   (no boots)
Stlth   ..........              (no amulet)
HPRegen 0.21/turn               (no ring)
MPRegen 0.11/turn               (no ring)

@: no status effects
A: no striking features
a: Renounce Religion


You were on level 7 of the Dungeon.
You worshipped Beogh.
Beogh was noncommittal.
You visited 1 branch of the dungeon, and saw 7 of its levels.
You also visited: Ossuary.

You collected 417 gold pieces.

Inventory:

Hand Weapons
 a - a +0 war axe (weapon)
Missiles
 A - 3 poisoned darts (quivered)
Armour
 c - a +0 buckler (worn)
 u - a +0 plate armour (worn)
 v - a +0 pair of gloves
Jewellery
 w - a ring of protection from fire
Wands
 o - a wand of iceblast (11)
Scrolls
 b - a scroll of fear {unknown}
 k - a scroll of vulnerability {unknown}
 l - 2 scrolls of immolation
 m - 2 scrolls of enchant weapon {unknown}
 p - a scroll of fog {unknown}
 q - a scroll of acquirement {unknown}
 r - a scroll of magic mapping {unknown}
 s - 2 scrolls of enchant armour
 t - 3 scrolls of teleportation
 x - a scroll of silence {unknown}
 y - a scroll of brand weapon {unknown}
 z - 2 scrolls of amnesia {unknown}
Potions
 d - a potion of might
 f - 2 potions of haste {unknown}
 g - 3 potions of heal wounds
 h - 4 potions of curing
 i - 2 potions of degeneration {unknown}
 j - 2 potions of brilliance {unknown}
 n - 3 potions of flight {unknown}


   Skills:
 - Level 4.0 Fighting
 + Level 14.4 Axes
 - Level 4.0 Armour
 - Level 4.0 Shields


You had 8 spell levels left.
You didn't know any spells.
Your spell library contained the following spells:

 Spells                   Type           Power      Damage    Failure   Level
 Dazzling Flash           Conj/Hex       0%         N/A       100%        3
 Iskenderun's Mystic Bla  Conj/Tloc      0%         2d3       100%        4
 Starburst                Conj/Fire      0%         6d3       100%        6
 Chain Lightning          Conj/Air       0%         N/A       100%        9
 Fire Storm               Conj/Fire      0%         5d1       100%        9
 Shatter                  Erth           0%         3d5*      100%        9


Dungeon Overview and Level Annotations

Branches:
Dungeon (7/15)             Temple (0/1) D:6         Ossuary (visited)

Altars:
Hepliaklqana
Vehumet
Yredelemnul

Portals:
Abyss: D:5

Annotations:
D:3 3 runed translucent doors, Rsteiner's ghost, weakling DsAr
D:5 2 transporters, WaxSun's ghost, novice DjCj
D:6 2 transporters


Message History

The wyvern hisses angrily.
A wight comes into view. It is wielding a +0 halberd.
A wraith and 3 wights come into view.
There is an open door here.
The wyvern bites you.
You hit the wyvern.
The wyvern is lightly wounded.
You slash the centaur warrior zombie!
You block the centaur warrior zombie's attack.
The centaur warrior zombie kicks you. You block the wyvern's attack.
The centaur warrior zombie barely misses you.
The centaur warrior zombie kicks you but does no damage.
The wyvern bites you!
There is an open door, spattered with blood here.
The wyvern bites you! The wyvern bites you.
The wight hits you from afar with a +0 halberd.
You hit the wyvern.
The wyvern is moderately wounded.
You block the wyvern's attack. The wight barely misses you.
You slash the wyvern!
The wyvern is severely wounded.
The wyvern barely misses you.
You hit the wyvern.
The wyvern is severely wounded.
The wyvern bites you!
The wight hits you from afar with a +0 halberd!
* * * LOW HITPOINT WARNING * * *
You closely miss the wyvern.
The wyvern is severely wounded.
The wyvern completely misses you. The wight closely misses you.
The wyvern bites you!
* * * LOW HITPOINT WARNING * * *
The wyvern bites you but does no damage.
The wyvern bites you!
* * * LOW HITPOINT WARNING * * *
The wyvern bites you but does no damage.
There is an open door here.
You hear the creaking of a very distant portcullis.
The wyvern bites you.
You die...

#.####.##.# #....#......#
#......##.#####..##......#
.............##''##.>....#
..........####≈..8#......#
...####...# ###__##......#
....#...#.# #.#⌠⌠#.......#
........#.###.####.......#
....#.#.#..##..##††......#
................@l.......#
......#.##.....####z######
#######. ##o...# #.# ....
# #....# #z# .... ......#
#W# ..... .o.....# #.#
..... .......o# #z# .....
....#+### #z# #.#


You could see a wyvern, a wight, a neutral orc priest (wandering) and a neutral
orc wizard (wandering).

Vanquished Creatures
  Prince Ribbit (D:5)
  Eustachio (D:6)
  An ice beast (D:5)
  2 ogres (D:6)
  A necrophage (D:5)
  A phantom (D:5)
  A scorpion (D:6)
  3 water moccasin skeletons
  A howler monkey (D:5)
  4 hounds
  A jelly (D:6)
  4 centaur zombies
  2 bullfrog skeletons (D:6)
  A gnoll shaman (D:6)
  Terence (D:2)
  Natasha (twice) (D:2)
  4 iguanas
  An orc wizard (D:3)
  A scorpion zombie (D:5)
  A hound zombie (D:5)
  5 mummies (Ossuary)
  A howler monkey zombie (D:5)
  5 gnolls (D:6)
  A white imp (D:6)
  2 ufetubi (D:5)
  2 adder skeletons (D:4)
  2 worms
  A dart slug (D:4)
  16 orcs
  5 endoplasms
  4 giant cockroaches
  4 goblins
  9 hobgoblins
  7 kobolds
  3 quokkas
  5 ball pythons
  5 bats
  2 frilled lizards
  6 hobgoblin zombies (Ossuary)
  2 rats (D:2)
121 creatures vanquished.

Vanquished Creatures (others)
  9 plants
9 creatures vanquished.

Grand Total: 130 creatures vanquished

Notes
Turn   | Place    | Note
-------+----------+-------------------------------------------
     0 | D:1      | safid the Hill Orc Fighter began the quest for the Orb.
     0 | D:1      | Reached XP level 1. HP: 19/19 MP: 1/1
   314 | D:1      | Reached skill level 3 in Axes
   314 | D:1      | Reached XP level 2. HP: 16/27 MP: 2/2
   949 | D:2      | Noticed Terence
   962 | D:2      | Killed Terence
   963 | D:2      | Reached XP level 3. HP: 13/33 MP: 3/3
  1151 | D:2      | Found a radiant altar of Vehumet.
  1297 | D:2      | Noticed Natasha
  1301 | D:2      | Killed Natasha
  1302 | D:2      | Reached skill level 4 in Axes
  1302 | D:2      | Reached XP level 4. HP: 37/40 MP: 4/4
  1451 | D:2      | Noticed Natasha
  1458 | D:2      | Killed Natasha
  1459 | D:2      | Reached skill level 5 in Axes
  1605 | D:3      | Noticed Rsteiner's ghost (weakling DsAr)
  1606 | D:3      | Found a runed translucent gate.
  1606 | D:3      | Found a runed translucent gate.
  1607 | D:3      | Found a runed translucent gate.
  1822 | D:3      | Reached XP level 5. HP: 46/46 MP: 5/5
  2029 | D:3      | HP: 1/46 [worm (3)]
  2359 | D:3      | Found a faded altar of an unknown god.
  2783 | D:4      | Reached skill level 6 in Axes
  2995 | D:4      | Reached XP level 6. HP: 33/52 MP: 6/6
  3223 | D:4      | Found a sand-covered staircase.
  3430 | Ossuary  | Entered an ossuary
  3438 | Ossuary  | Reached skill level 7 in Axes
  3707 | Ossuary  | Reached skill level 8 in Axes
  4401 | D:5      | Entered Level 5 of the Dungeon
  4434 | D:5      | Reached XP level 7. HP: 51/59 MP: 7/7
  4490 | D:5      | Reached skill level 9 in Axes
  4513 | D:5      | Found a transporter.
  4521 | D:5      | Noticed WaxSun's ghost (novice DjCj)
  4616 | D:5      | Found a one-way gate to the infinite horrors of the Abyss.
  4623 | D:5      | Found a transporter.
  4720 | D:5      | Reached skill level 10 in Axes
  4938 | D:5      | Noticed Prince Ribbit
  4977 | D:5      | Killed Prince Ribbit
  4978 | D:5      | Reached skill level 11 in Axes
  4978 | D:5      | Reached XP level 8. HP: 20/66 MP: 8/8
  5368 | D:5      | Noticed a two-headed ogre
  5710 | D:6      | Reached skill level 12 in Axes
  5959 | D:6      | Found a staircase to the Ecumenical Temple.
  6013 | D:6      | Found a transporter.
  6077 | D:6      | Found a transporter.
  6088 | D:6      | Reached skill level 13 in Axes
  6310 | D:6      | Noticed Eustachio
  6340 | D:6      | Killed Eustachio
  6341 | D:6      | Reached XP level 9. HP: 30/71 MP: 9/9
  6550 | D:6      | Reached skill level 14 in Axes
  6775 | D:7      | Became a worshipper of Beogh the Brigand
  6817 | D:7      | Found a basalt altar of Yredelemnul.
  6817 | D:7      | Found a hazy altar of Hepliaklqana.
  6892 | D:7      | HP: 2/71 [wyvern (9)]
  6897 | D:7      | Slain by a wyvern

Illustrated notes

Levels and vault maps discovered:
D:1:      eino_arrival_water_cross, layout_loops_ring
D:2:      layout_rooms, basic_altar, grunt_ministairs_11, serial_bayou_ford_a,
          uniq_natasha, uniq_terence
D:3:      layout_loops_ring, gammafunk_ghost_split,
          chequers_ecumenical_altar_simple_redux, roderic_lattice_a,
          minmay_misc_feat_room
D:4:      layout_loops_ring, chequers_ossuary_entry_cave,
          minmay_misc_feat_nine_boxes, chequers_serial_rivers_room_b
D:5:      layout_gridville, gammafunk_ghost_abyssal_escape, uniq_prince_ribbit1
D:6:      gammafunk_cloud_chamber, layout_rooms,
          minmay_temple_entry_statues_pillars, uniq_eustachio
D:7:      layout_basic, gammafunk_temple_overflow_wave, enter_bailey_5,
          minmay_crystal_water

Skill      XL: |  1  2  3  4  5  6  7  8  9 |
---------------+----------------------------+-----
Axes           | 3 4 5 6 8 11 13 14 | 14.4
Fighting       | 4 |  4.0
Armour         | 4 |  4.0
Shields        | 4 |  4.0

Action                   |  1- 3 |  4- 6 |  7- 9 || total
-------------------------+-------+-------+-------++-------
Melee: War axe           |    61 |   156 |   180 ||   397
Invok: Convert to Beogh  |       |       |     1 ||     1
  Use: Potion            |       |       |     4 ||     4
       Scroll            |       |       |     3 ||     3
 Stab: Sleeping          |       |     1 |       ||     1
Armor: Scale mail        |    16 |    57 |       ||    73
       Plate armour      |       |     8 |    89 ||    97
Dodge: Dodged            |    23 |    65 |    27 ||   115
Block: Buckler           |    15 |    35 |    32 ||    82
